 Dungeon Crawl Stone Soup version 0.23-a0-643-g9ccc95a (webtiles) character file.

177 Borgoz the Skirmisher (level 5, -1/46 HPs)
             Began as a Ghoul Abyssal Knight on Jan 1, 2019.
             Was a Believer of Lugonu.
             Killed from afar by a giant cockroach (47 damage)
             ... with an exploding inner flame
             ... hexed by the player character
             ... on level 4 of the Dungeon.
             The game lasted 00:04:14 (2432 turns).

Borgoz the Skirmisher (Ghoul Abyssal Knight)        Turns: 2432, Time: 00:04:15

Health: -1/46      AC:  7    Str: 16    XL:     5   Next: 57%
Magic:  6/6        EV: 11    Int:  7    God:    Lugonu [**....]
Gold:   199        SH:  0    Dex:  9    Spells: 4/4 levels left

rFire    . . .     SeeInvis .     - Unarmed
rCold    + . .     Gourm    .   (no shield)
rNeg     + + +     Faith    .   c - +0 ring mail (curse)
rPois    ∞         Spirit   .   (no helmet)
rElec    .         Reflect  .   i - +1 cloak
rCorr    .         Harm     .   (no gloves)
MR       .....                  (no boots)
Stlth    ..........             l - amulet of magic regeneration
HPRegen  0.15/turn              (no ring)
MPRegen  0.35/turn              (no ring)

@: very slightly contaminated, rotting
A: rotting body, claws 1, carnivore, cold resistance 1, negative energy
resistance 3, inhibited regeneration, torment resistance, unbreathing
a: Depart the Abyss, Bend Space, Renounce Religion


You were on level 4 of the Dungeon.
You worshipped Lugonu.
Lugonu was pleased with you.
You were not hungry.

You visited 1 branch of the dungeon, and saw 4 of its levels.
You visited the Abyss 1 time.

You collected 199 gold pieces.

Inventory:

Hand Weapons
 a - a +3 quarterstaff of chaos
Armour
 c - a cursed +0 ring mail (worn)
 i - a +1 cloak (worn)
Jewellery
 l - an amulet of magic regeneration (around neck)
Wands
 n - a wand of paralysis (7)
 q - a wand of disintegration (19)
Scrolls
 e - 4 scrolls of remove curse
 h - a scroll of blinking
 k - a scroll of enchant armour
Potions
 d - a potion of might
 g - a potion of heal wounds
 r - 2 potions of resistance
 u - a potion of brilliance
Comestibles
 b - 9 rations


   Skills:
 + Level 4.2 Fighting
 + Level 2.6 Armour
 + Level 2.1 Dodging
 + Level 3.3 Unarmed Combat
 + Level 3.2 Invocations


You had 4 spell levels left.
You didn't know any spells.
Your spell library was empty.

Dungeon Overview and Level Annotations

Branches:
Dungeon (4/15)
 Temple: D:4-7

Altars:
Dithmenos
Yredelemnul


Innate Abilities, Weirdness & Mutations

Your body is rotting away.
You thrive on raw meat.
You are immune to poison.
You have sharp fingernails.
You are carnivorous and can eat meat at any time.
Your flesh is cold resistant. (rC+)
You are immune to negative energy. (rN+++)
You do not regenerate when monsters are visible.
You are immune to unholy pain and torment.
You can survive without breathing.


Message History

You miss the quokka.
The quokka is almost dead.
The quokka closely misses you.
The quokka bites you but does no damage.
You claw the quokka!
You kill the quokka!
Lugonu accepts your kill. The dart slug barely misses you.
You see here a quokka corpse.
You claw the dart slug!
The dart slug is severely wounded.
The dart slug closely misses you.
You claw the dart slug!
You kill the dart slug!
Lugonu accepts your kill.
You scratch the giant cockroach.
The giant cockroach explodes!
The fiery explosion engulfs you!
Ouch! That really hurt!
You die...

..<#
.s...........#
###...#
#?.......#
##....#
#.......##
<....##
#........#
######
#........###
..........##
#§§§.....#.
##.§@.......
#.§.####....
#.(.## . #...#
..!..# ....#
...# ..# ..


There were no monsters in sight!

Vanquished Creatures
  Crazy Yiuf (D:3)
  Jessica (D:3)
  A worker ant (D:3)
  A gnoll (D:1)
  3 adders
  An ooze (D:3)
  2 worms
  4 dart slugs
  A leopard gecko (D:2)
  An orc (D:3)
  2 giant cockroaches
  6 goblins
  2 hobgoblins
  3 jackals (D:2)
  A quokka (D:4)
  3 bats
  5 frilled lizards
  5 kobolds
  10 rats
53 creatures vanquished.

Notes
Turn   | Place    | Note
-------+----------+-------------------------------------------
     0 | Abyss:1  | Borgoz the Ghoul Abyssal Knight began the quest for the
                  | Orb.
     0 | Abyss:1  | Reached XP level 1. HP: 19/19 MP: 1/1
   102 | Abyss:1  | Noticed a thrashing horror
   104 | D:1      | Escaped the Abyss
   174 | D:1      | Reached skill level 1 in Dodging
   497 | D:1      | Reached XP level 2. HP: 26/26 MP: 2/2
   516 | D:1      | Reached * piety under Lugonu
   661 | D:1      | Reached XP level 3. HP: 29/30 MP: 3/3
  1058 | D:2      | Found a basalt altar of Yredelemnul.
  1105 | D:2      | Found a shadowy altar of Dithmenos.
  1226 | D:2      | Reached XP level 4. HP: 40/40 MP: 5/5
  1526 | D:3      | Noticed Jessica
  1532 | D:3      | Killed Jessica
  1532 | D:3      | Reached skill level 4 in Fighting
  1532 | D:3      | Reached XP level 5. HP: 39/44 MP: 6/6
  1607 | D:3      | Found a runed door.
  1703 | D:3      | Reached ** piety under Lugonu
  2091 | D:3      | Noticed Crazy Yiuf
  2100 | D:3      | Paralysed by Crazy Yiuf for 3 turns
  2105 | D:3      | Paralysed by Crazy Yiuf for 5 turns
  2118 | D:3      | Killed Crazy Yiuf
  2432 | D:4      | Killed from afar by a giant cockroach

Vault maps used:
D:1:      shiori_arrival_elements
D:2:      lemuel_coloured_pillars_altar, grunt_dithmenos_smoke_and_mirrors,
          minmay_stone_trees_small
D:3:      minmay_recursive_quarters, uniq_jessica, uniq_crazy_yiuf_cottage
D:4:      grunt_temple_overflow_champion_of_chaos,
          nicolae_overflow_crystal_walls, nemelex_xobeh_ov_fountains_minmay,
          portal_sewer_entry_b, kennysheep_generic_room_4

Skill      XL: |  1  2  3  4  5 |
---------------+----------------+-----
Dodging        | 1 2 |  2.1
Armour         | 2 |  2.6
Unarmed Combat | 3 |  3.3
Fighting       | 4 |  4.2
Invocations    | 3 |  3.2

Action                   |  1- 3 |  4- 6 || total
-------------------------+-------+-------++-------
Melee: Unarmed           |   104 |   111 ||   215
       Punch             |     1 |       ||     1
Invok: Depart the Abyss  |     1 |       ||     1
  Use: Scroll            |       |    14 ||    14
       Potion            |       |     3 ||     3
  Eat: Chunk             |     5 |     7 ||    12
Armor: Ring mail         |    32 |    35 ||    67
Dodge: Dodged            |    50 |    51 ||   101

Table legend:
 A = Non-vault XP
 B = Vault XP
 C = Vault XP percentage of total XP
 D = Non-vault monster count
 E = Vault monster count
 F = Vault count percentage of total count
                 A         B        C        D         E       F
            +---------+---------+-------+---------+---------+-------
      Total |     147 |     107 |  42.1 |      42 |      11 |  20.8
            +---------+---------+-------+---------+---------+-------
        D:1 |      36 |       0 |   0.0 |      15 |       0 |   0.0
        D:2 |      61 |       0 |   0.0 |      18 |       0 |   0.0
        D:3 |      44 |     107 |  70.9 |       7 |      11 |  61.1
        D:4 |       6 |       0 |   0.0 |       2 |       0 |   0.0
            +---------+---------+-------+---------+---------+-------
